 Dungeon Crawl Stone Soup version 0.31.0-12-g77e489cdc1 (webtiles) character file.

Game seed: 11631760950824746910

270 Gadfly the Covered (level 6, -6/38 HPs)
             Began as a Gargoyle Fighter on Mar 3, 2024.
             Was an Initiate of the Shining One.
             Mangled by an ogre
             ... wielding a +0 giant spiked club
              (27 damage)
             ... on level 5 of the Dungeon.
             The game lasted 00:04:48 (2022 turns).

Gadfly the Covered (Gargoyle Fighter)               Turns: 2022, Time: 00:04:49

Health: -6/38      AC: 15    Str: 25    XL:     6   Next: 22%
Magic:  8/8        EV:  8    Int:  9    God:    the Shining One [......]
Gold:   138        SH:  4    Dex: 11    Spells: 5/5 levels left

rFire   + . .        a - +3 mace (holy)
rCold   + . .        c - +0 buckler
rNeg    + . .        b - +0 chain mail
rPois   ∞            p - +0 helmet
rElec   +            e - scarf {rC+ rF+}
rCorr   .            (no gloves)
SInv    .            (no boots)
Will    +....        (no amulet) Stlth
                     h - +6 ring of strength
HPRegen 0.26/turn    g - ring of flight
MPRegen 0.11/turn

%: no passive effects
@: flying, glowing
A: sickness immunity, AC +4, negative energy resistance 1, electricity
resistance, torment resistance 1, petrification resistance, strong-willed 1
a: Renounce Religion


You were on level 5 of the Dungeon.
You worshipped the Shining One.
The Shining One was noncommittal.
You visited 1 branch of the dungeon, and saw 4 of its levels.

You collected 138 gold pieces.

Inventory:

Hand Weapons
 a - a +3 mace of holy wrath (weapon)
 o - a +0 flail
Armour
 b - a +0 chain mail (worn)
 c - a +0 buckler (worn)
 e - a scarf of resistance (worn)
 p - a +0 helmet (worn)
Jewellery
 g - a ring of flight (right hand)
 h - a +6 ring of strength (left hand)
Scrolls
 f - a scroll of immolation {unknown}
 l - a scroll of poison
Potions
 d - a potion of might
 i - 2 potions of lignification {unknown}
 j - a potion of degeneration {unknown}
 k - a potion of enlightenment {unknown}


   Skills:
 + Level 3.9 Fighting
 * Level 3.3 Maces & Flails
 + Level 4.1 Armour
 + Level 3.8 Shields
 * Level 2.9 Invocations
 * Level 2.3 Evocations


You had 5 spell levels left.
You didn't know any spells.
Your spell library contained the following spells:

 Spells                   Type           Power      Damage    Failure   Level
 Gell's Gravitas          Tloc           0%         N/A       100%        3
 Teleport Other           Tloc           0%         N/A       100%        3
 Dispersal                Tloc           0%         N/A       100%        6


Dungeon Overview and Level Annotations

Branches:
Dungeon (3/15)

Altars:
The Shining One


Innate Abilities, Weirdness & Mutations

You are immune to sickness and miasma.
Your stone body is resilient. (AC +4)
You are immune to poison.
You resist negative energy. (rN+)
You are resistant to electric shocks. (rElec)
You are resistant to unholy torment.
You are immune to petrification.
You are strong-willed. (Will+)


Message History

You sock the ogre!
The ogre is severely wounded.
The ogre hits you with a +0 giant spiked club!!
The orc hits you but does no damage.
You hit the ogre.
The ogre is almost dead.
The orc hits you from afar with a +0 trident.
You block the ogre's attack.
You are too injured to fight recklessly!
You are too injured to fight recklessly!
You are too injured to fight recklessly!
You are too injured to fight recklessly!
You are too injured to fight recklessly!
You are too injured to fight recklessly!
You are too injured to fight recklessly!
You are too injured to fight recklessly!
You are too injured to fight recklessly!
You are too injured to fight recklessly!
You are too injured to fight recklessly!
You are too injured to fight recklessly!
You are too injured to fight recklessly!
You are too injured to fight recklessly!
You are too injured to fight recklessly!
You are too injured to fight recklessly!
You are too injured to fight recklessly!
You are too injured to fight recklessly!
Unknown command.
The orc shouts!
Things that are here:
a +0 hand axe; a +0 trident of venom You aren't carrying any items that you can evoke.
The orc hits you but does no damage.
You hit the orc.
The orc is severely wounded.
You block the orc's attack. x2
You sock the orc!
You kill the orc!
The ogre hits you with a +0 giant spiked club!!
Ouch! That really hurt!
You die...

....o ## ..
##..o.#.# .."
#.. .... ....
... ..##..#..
#.##........
#.......... #
##o........
#.####O##.......
#...@##....^...
#####..........
#.............
#####.....#...
..##.#..# .## ..
.# . .. ..


You could see an ogre and an orc.

Vanquished Creatures
  A phantom (D:2)
  An orc priest (D:5)
  Natasha (thrice) (D:2)
  Robin (D:2)
  A ribbon worm (D:2)
  A dart slug (D:1)
  2 orcs (D:5)
  8 endoplasms
  4 giant cockroaches
  18 goblins
  6 hobgoblins
  5 quokkas
  2 ball pythons (D:1)
  3 bats
  6 frilled lizards
  5 kobolds
  4 rats
71 creatures vanquished.

Vanquished Creatures (others)
  A goblin (D:2)
1 creature vanquished.

Grand Total: 72 creatures vanquished

Notes
Turn   | Place    | Note
-------+----------+-------------------------------------------
     0 | D:1      | Gadfly the Gargoyle Fighter began the quest for the Orb.
     0 | D:1      | Reached XP level 1. HP: 14/14 MP: 1/1
    60 | D:1      | Reached XP level 2. HP: 7/19 MP: 2/2
   387 | D:1      | Reached skill level 1 in Invocations
   483 | D:1      | Reached XP level 3. HP: 23/23 MP: 3/3
   499 | D:1      | Reached skill level 1 in Evocations
   830 | D:2      | Noticed Natasha
   845 | D:2      | Killed Natasha
   846 | D:2      | Reached XP level 4. HP: 17/28 MP: 5/5
   848 | D:2      | Noticed Natasha
   925 | D:2      | Killed Natasha
   965 | D:2      | Noticed a phantom
   977 | D:2      | Killed a phantom
   978 | D:2      | Reached XP level 5. HP: 22/33 MP: 6/6
   981 | D:2      | Noticed Natasha
   990 | D:2      | Killed Natasha
  1290 | D:2      | Noticed Robin
  1308 | D:2      | Killed Robin
  1309 | D:2      | Reached skill level 4 in Armour
  1345 | D:2      | Reached XP level 6. HP: 38/38 MP: 8/8
  1727 | D:2      | Gained mutation: You occasionally lose the ability to read
                  | scrolls when taking damage. [potion of mutation]
  1727 | D:2      | Gained mutation: Your health recovers twice as slowly from
                  | being drained. [potion of mutation]
  1727 | D:2      | Gained mutation: You have sharp fingernails. [potion of
                  | mutation]
  1728 | D:2      | Lost mutation: You have sharp fingernails. [potion of
                  | mutation]
  1728 | D:2      | Lost mutation: Your health recovers twice as slowly from
                  | being drained. [potion of mutation]
  1728 | D:2      | Lost mutation: You occasionally lose the ability to read
                  | scrolls when taking damage. [potion of mutation]
  1728 | D:2      | Gained mutation: You are strong-willed. (Will+) [potion of
                  | mutation]
  1818 | D:3      | Found a glowing golden altar of the Shining One.
  1844 | D:3      | Became a worshipper of the Shining One
  1988 | D:3      | You are sucked into a shaft and drop 2 floors!
  1988 | D:5      | Entered Level 5 of the Dungeon
  2022 | D:5      | Mangled by an ogre

Illustrated notes

Levels and vault maps discovered:
D:1:      minmay_arrival_three_doors, layout_basic, minmay_split_cup_large
D:2:      layout_loops_corners, uniq_robin, uniq_natasha
D:3:      layout_basic, tso_metal_star, xom_teletrap_fun,
          nemelex_diamond_rough_becter, uniq_crazy_yiuf_cottage, uniq_sigmund
D:5:      layout_layer_cave, lemuel_doored_altar, kennysheep_minor_cross

Skill      XL: |  1  2  3  4  5 |
---------------+----------------+-----
Invocations    | 1 2 |  2.9
Evocations     | 1 2 |  2.3
Maces & Flails | 3 |  3.3
Armour         | 4 |  4.1
Fighting       | |  3.9
Shields        | |  3.8

Action                     |  1- 3 |  4- 6 || total
---------------------------+-------+-------++-------
  Melee: Flail             |    56 |       ||    56
         Mace              |    41 |    99 ||   140
    Use: Scroll            |     3 |     3 ||     6
         Potion            |       |     2 ||     2
 Armour: Scale mail        |    87 |    71 ||   158
         Chain mail        |       |    22 ||    22
  Dodge: Dodged            |    65 |    44 ||   109
  Block: Buckler           |    33 |    26 ||    59
